 Dungeon Crawl Stone Soup version 0.32-a0-470-g255bbe2f98 (webtiles) character file.

Game seed: 2679356726992770472

436 Opifex the Changeling (level 7, 0/79 HPs)
             Began as a Merfolk Shapeshifter on Feb 25, 2024.
             Succumbed to a scorpion's poison
             ... on level 4 of the Dungeon.
             The game lasted 00:04:32 (3591 turns).

Opifex the Changeling (Merfolk Shapeshifter)        Turns: 3591, Time: 00:04:33

Health: 0/79       AC:  3    Str: 16    XL:     7   Next: 1%
Magic:  3/7        EV: 13    Int: 10    God:
Gold:   234        SH:  0    Dex: 13    Spells: 6/6 levels left

rFire   . .          .
                       - Unarmed
rCold   . . .        (no shield)
rNeg    . . .        e - +0 leather armour
rPois   .            (helmet currently unavailable)
rElec   .            (cloak currently unavailable)
rCorr   .            (gloves currently unavailable)
SInv    .            (boots currently unavailable)
Will    .....        f - amulet of guardian spirit Stlth
                     (no ring)
HPRegen 0.33/turn    (no ring)
MPRegen 0.10/turn

%: guardian spirit
@: berserking, lethally poisoned (0 -> -1), beast-form, very quick
A: beast (slay +3), (nimble swimmer 2), mertail
a: Begin Untransformation


You were on level 4 of the Dungeon.
You were a hulking beast.
You visited 1 branch of the dungeon, and saw 4 of its levels.

You collected 234 gold pieces.

Inventory:

Armour
 a - a +0 animal skin
 e - a +0 leather armour (worn)
 m - a +2 pair of boots
Jewellery
 f - an amulet of guardian spirit (around neck)
Talismans
 c - a beast talisman (active)
 d - a flux talisman
Scrolls
 i - a scroll of fog
 l - a scroll of amnesia {unknown}
Potions
 b - a potion of lignification
 g - a potion of enlightenment {unknown}
 j - a potion of mutation
 k - a potion of haste {unknown}


   Skills:
 + Level 3.8 Fighting
 + Level 5.3 Dodging
 + Level 5.0 Unarmed Combat
 + Level 5.8 Shapeshifting


You had 6 spell levels left.
You didn't know any spells.
Your spell library contained the following spells:

 Spells                   Type           Power      Damage    Failure   Level
 Frozen Ramparts          Ice            0%         1d1       80%         3
 Ozocubu's Armour         Ice            0%         N/A       80%         3
 Leda's Liquefaction      Alch/Erth      0%         N/A       99%         4
 Petrify                  Alch/Erth      0%         N/A       99%         4
 Metabolic Englaciation   Hex/Ice        0%         N/A       100%        5
 Sculpt Simulacrum        Ice/Alch       0%         N/A       100%        6


Dungeon Overview and Level Annotations

Branches:
Dungeon (4/15)
 Temple: D:4-7

Altars:
Gozag


Innate Abilities, Weirdness & Mutations

You are a hulking beast.
Your limbs bulge with bestial killing power. (Slay +3)
((You are very nimble when in or above water. (Stealth+, EV+, Speed+++)))
Your lower body shifts to a powerful aquatic tail in water.


Message History

You kill the gnoll!
* * * LOW HITPOINT WARNING * * *
You feel sick.
The scorpion stings you but does no damage.
A red film seems to cover your vision as you go berserk!
You feel yourself moving faster!
You feel mighty!
You feel sick. The scorpion completely misses you. The scorpion stings you.
* * * LOW HITPOINT WARNING * * *
You hit the scorpion.
The scorpion is moderately wounded.
You completely miss the scorpion.
The scorpion is moderately wounded.
You feel sick. The scorpion closely misses you.
You barely miss the scorpion.
The scorpion is lightly wounded.
You feel sick. The scorpion misses you.
You punch the scorpion!
The scorpion is heavily wounded.
You barely miss the scorpion.
The scorpion is heavily wounded.
You feel sick. The scorpion stings you.
* * * LOW HITPOINT WARNING * * *
You barely miss the scorpion. Your punch misses the scorpion.
The scorpion is heavily wounded.
* * * LOW HITPOINT WARNING * * *
You feel sick. The scorpion closely misses you.
You hit the scorpion.
The scorpion is almost dead.
The scorpion misses you.
You punch the scorpion!
You kill the scorpion!
* * * LOW HITPOINT WARNING * * *
You feel sick.
Your Unarmed Combat skill increases to level 5!
You have reached level 7!
You are too berserk!
There is a lethal amount of poison in your body!
There is a lethal amount of poison in your body!
There is a lethal amount of poison in your body!
You die...

#.# #.. ... #.#
#.. ##..
#######.#####..
....
............'..
#..#
#############..
###...##### #..
..........#
#####..
.......##.##
##...... #))h..#
#...#####..
......####.##
#...# #.. .....
#..###...# #####
?...
#...##...###....
...
##..............
..
##..#..........
. ##.#....# ....
#....).# ###.
###....# #.


There were no monsters in sight!

Vanquished Creatures
  A scorpion (D:4)
  A jelly (D:4)
  Jessica (D:2)
  Natasha (thrice) (D:2)
  2 orc wizards (D:3)
  4 gnolls
  4 adders
  A dart slug (D:1)
  A ribbon worm (D:3)
  13 orcs (D:3)
  9 ball pythons
  5 bats
  8 endoplasms
  2 giant cockroaches (D:1)
  8 goblins
  7 hobgoblins
  9 jackals
  5 quokkas
  4 frilled lizards
  7 kobolds
  10 rats
105 creatures vanquished.

Notes
Turn   | Place    | Note
-------+----------+-------------------------------------------
     0 | D:1      | Opifex the Merfolk Shapeshifter began the quest for the
                  | Orb.
     0 | D:1      | Reached XP level 1. HP: 15/15 MP: 1/1
    73 | D:1      | Reached XP level 2. HP: 7/21 MP: 2/2
   208 | D:1      | Found a faded altar of an unknown god.
   383 | D:1      | Reached XP level 3. HP: 16/27 MP: 1/3
   791 | D:1      | HP: 1/27 [gnoll/+0 whip (5)]
   912 | D:2      | Noticed Jessica
   915 | D:2      | Killed Jessica
   916 | D:2      | Reached XP level 4. HP: 33/33 MP: 4/4
  1044 | D:2      | Noticed Natasha
  1052 | D:2      | Killed Natasha
  1334 | D:2      | Noticed Natasha
  1358 | D:2      | Killed Natasha
  1359 | D:2      | Reached XP level 5. HP: 22/39 MP: 3/5
  1615 | D:2      | Reached skill level 5 in Shapeshifting
  1745 | D:2      | Noticed Natasha
  1752 | D:2      | Killed Natasha
  2360 | D:3      | Reached XP level 6. HP: 47/47 MP: 6/6
  3148 | D:4      | Found an opulent altar of Gozag.
  3307 | D:4      | Reached skill level 5 in Dodging
  3587 | D:4      | HP: 2/72 [scorpion (3)]
  3591 | D:4      | Reached skill level 5 in Unarmed Combat
  3591 | D:4      | Reached XP level 7. HP: 1/53 MP: 3/7
  3591 | D:4      | Succumbed to a scorpion's poison

Illustrated notes

Levels and vault maps discovered:
D:1:      eino_arrival_water_cross, layout_rooms,
          nicolae_ecumenical_snake_handling, kennysheep_flooded_box,
          minmay_misc_feat_pillars, minmay_cut_off
D:2:      layout_loops_cross, uniq_jessica, uniq_natasha
D:3:      layout_loops_cross, serial_co_window_serial, co_window_corner_a,
          co_window_paths_a, co_window_of_opportunity_a, co_window_corner_a,
          co_window_paths_b, co_window_cross_1, co_window_cross_1,
          co_window_unsneaky_path_b, co_window_broadway_b, co_window_broadway_b,
          co_window_broadway_a, glass_columns_a, glass_columns_b,
          glass_columns_a, glass_columns_a, glass_columns_b
D:4:      layout_basic, grunt_gozag_breadcrumbs

Skill      XL: |  1  2  3  4  5  6 |
---------------+-------------------+-----
Dodging        | 3 4 5 |  5.3
Fighting       | 2 3 |  3.8
Unarmed Combat | 4 5 |  5.0
Shapeshifting  | 5 |  5.8

Action                     |  1- 3 |  4- 6 |  7- 9 || total
---------------------------+-------+-------+-------++-------
  Melee: Unarmed           |    99 |   235 |       ||   334
         Punch             |     1 |     7 |       ||     8
    Use: Scroll            |     3 |     6 |       ||     9
         Potion            |       |     1 |       ||     1
   Stab: Sleeping          |     3 |       |       ||     3
 Armour: Animal skin       |     4 |       |       ||     4
         Leather armour    |    46 |   111 |       ||   157
  Dodge: Dodged            |    41 |   160 |       ||   201

Table legend: (Time is in decaauts)
 A = Elapsed time spent in this place.
 B = Non-inter-level travel time spent in this place.
 C = Inter-level travel time spent in this place.
 D = Time resting spent in this place.
 E = Time spent auto-exploring this place.
 F = Levels seen in this place.
 G = Mean time per level.
                   A        B        C        D        E       F      G
               +--------+--------+--------+--------+--------+-----+--------+
         Total |   3563 |   3518 |     45 |     74 |   2701 |   4 |  890.8 |
       Dungeon |   3563 |   3518 |     45 |     74 |   2701 |   4 |  890.8 |
               +--------+--------+--------+--------+--------+-----+--------+

Top non-repeatable levels by time:
     D:3: 1253 daAuts
     D:1: 902 daAuts
     D:2: 875 daAuts
     D:4: 532 daAuts
